AoeStats
← Skrzydlaty, wampiryczny Jezus

Hideout

509567433Analyzed
1v1 RM · 5d ago on Sep 27, 2026· 27m 6s· 2 players
Game mode
Random Map
Map size
Tiny (2 player)
Population
200
Speed
Normal
Resources
Standard
Victory
Conquest
Starting age
Dark Age
Ending age
Imperial Age
RankedLock teamsTeams togetherTeam positionsShared explorationLock speedFull tech treeHidden civsTurbo modeCheats
Victory
Defeat
1191
+16
🇦🇺 Armenians · Australia
1194
-16
Skrzydlaty, wampiryczny Jezus
10:15 Feudal Age
10:36 Horse Collar
10:45 Double-Bit Axe
14:15 Loom
17:12 Castle Age
16:26 Stone Mining
18:48 Heavy Plow
19:01 Bow Saw
19:04 Scale Mail Armor
22:42 Forging
23:52 Chain Mail Armor
24:26 Squires
26:27 Iron Casting
26:24 Gold Mining
Ken Oath
9:52 Feudal Age
10:13 Man-at-Arms
10:59 Double-Bit Axe
10:55 Horse Collar
11:02 Long Swordsman
12:25 Loom
13:50 Arson
15:30 Scale Mail Armor
18:19 Forging
19:53 Wheelbarrow
22:19 Gold Mining
27:18 Castle Age
25:40 Fletching
Connection lost

Rejoining the realm…

Still unreachable

The connection could not be restored.

Session expired

The server has moved on; the page needs a fresh start.